 Dungeon Crawl Stone Soup version 0.17-a0-1382-gc46a074 (webtiles) character file.

2895 Volodja the Grappler (level 9, -7/80 HPs)
             Began as a Troll Monk on June 15, 2015.
             Was a Believer of the Shining One.
             Shot with an arrow by a centaur (16 damage)
             ... on level 7 of the Dungeon.
             The game lasted 00:15:18 (5152 turns).

Volodja the Grappler (Troll Monk)                   Turns: 5152, Time: 00:15:18

Health: -7/80      AC:  5    Str: 21    XL:     9   Next: 49%
Magic:  8/8        EV: 10    Int:  6    God:    the Shining One [**....]
Gold:   423        SH:  0    Dex: 15    Spells: 0 memorised, 8 levels left

rFire  . . .     SeeInvis .       - Unarmed
rCold  . . .     Clarity  .     a - +0 robe
rNeg   + . .     SustAt   .     (no shield)
rPois  .         Gourm    +     (helmet restricted)
rElec  .         Spirit   .     (no cloak)
rCorr  .         Warding  .     (gloves unavailable)
rMut   .         Stasis   .     (boots unavailable)
MR     .....                    (no amulet)
Stlth  +.........               (no ring)
                                (no ring)

@: glowing, not resistant to hostile enchantments, very unstealthy
A: unfitting armour, claws 3, fast metabolism 3, gourmand, regeneration 2,
shaggy fur 1, tough skin 2
a: Divine Shield, Renounce Religion


You were on level 7 of the Dungeon.
You worshipped the Shining One.
The Shining One was pleased with you.
You were completely stuffed.

You visited 1 branch of the dungeon, and saw 7 of its levels.

You collected 423 gold pieces.

Inventory:

Hand weapons
 d - a +0 blowgun
Missiles
 e - 62 poisoned needles
 y - 8 curare-tipped needles
 z - 5 tomahawks (quivered)
Armour
 a - a +0 robe (worn)
Magical devices
 f - a wand of frost (27)
 n - a wand of heal wounds (5)
 s - a wand of lightning (9)
Scrolls
 h - 2 scrolls of recharging
 i - a scroll of remove curse
 j - a scroll of amnesia
 k - a scroll of fog {unknown}
 l - a scroll of fear
 p - 4 scrolls of identify
 q - 4 scrolls of magic mapping
 u - a scroll of noise
 D - a scroll of blinking {unknown}
 E - a scroll of enchant armour {unknown}
Potions
 g - 6 potions of curing
 m - 2 potions of lignification {unknown}
 o - a potion of brilliance {unknown}
 r - 2 potions of haste {unknown}
 v - a potion of cancellation {unknown}
 x - a potion of degeneration {unknown}
 A - 2 potions of heal wounds {unknown}
 C - a potion of beneficial mutation {unknown}
Comestibles
 b - 4 bread rations
 c - 3 meat rations
 t - 2 royal jellies
 w - 2 slices of pizza
 B - 4 fruits
 F - 10 chunks of flesh


   Skills:
 - Level 2.4 Fighting
 * Level 5.0 Throwing
 - Level 2.4 Dodging
 - Level 1.1 Stealth
 - Level 12.2 Unarmed Combat


You had 8 spell levels left.
You didn't know any spells.

Dungeon Overview and Level Annotations

Branches:
Dungeon (7/15)             Temple (0/1) D:7

Altars:
Ashenzari
Cheibriados
Makhleb
Okawaru
Qazlal
Sif Muna
Vehumet
The Shining One


Innate Abilities, Weirdness & Mutations

You are too large for most types of armour.
You have claws for hands.
Your metabolism is lightning-fast.
You like to eat raw meat.
You heal very quickly.
You are covered in fur (AC +1).
You have very tough skin (AC +2).


Message History

F - 10 chunks of flesh (gained 3)
You see here a hand axe.
Found 11 gold pieces.
Found a stone staircase leading down.
You now have 423 gold pieces (gained 7).
A centaur comes into view.
The centaur wields a shortbow.
The centaur shoots an arrow.
The arrow hits you!
The centaur shoots an arrow.
The arrow hits you.
You see here 2 arrows.
The centaur shoots an arrow.
The arrow hits you!
The centaur shoots an arrow.
The arrow hits you!
* * * LOW HITPOINT WARNING * * *
The centaur shoots an arrow.
The arrow barely misses you.
You see here an arrow.
The centaur shoots an arrow.
The arrow hits you!
* * * LOW HITPOINT WARNING * * *
The centaur shoots an arrow.
The arrow closely misses you.
Things that are here:
2 arrows; a hand axe The centaur shoots an arrow.
The arrow hits you!
You die...

#.(.###....
#(c....>...
#...####### ###.##
..#.# #.#(# # #.#(#
#..###.#.######
#......@........
#.####...#######
...####..##
#.........#
#...#####.# #. #.#
###..#####.##
#......รท....# .#
#.#..#####..#######.##


You could see a centaur.

Vanquished Creatures
  A hill giant (D:6)
  Joseph (D:7)
  Prince Ribbit (D:7)
  Sigmund (D:3)
  A hippogriff (D:7)
  An ice beast (D:7)
  A phantom (D:4)
  A sky beast (D:5)
  A necrophage (D:7)
  2 centaurs
  A giant frog (D:7)
  A water moccasin skeleton (D:5)
  A wyvern skeleton (D:7)
  A scorpion (D:6)
  3 wights (D:6)
  2 crimson imps
  A centaur skeleton (D:4)
  A quasit (D:5)
  Ijyb (D:2)
  2 giant frog skeletons
  An iron imp (D:6)
  5 orc wizards
  3 hounds
  A worker ant (D:4)
  5 adders
  13 gnolls
  3 oozes
  An adder zombie (D:5)
  A worm (D:3)
  10 orcs
  7 bats
  A bat zombie (D:7)
  2 giant cockroaches (D:1)
  11 goblins
  4 hobgoblins
  28 jackals
  3 quokkas
  A ball python (D:3)
  2 giant geckos
  3 giant newts (D:4)
  A goblin skeleton (D:6)
  A goblin zombie (D:6)
  A hobgoblin zombie (D:6)
  13 kobolds
  A kobold skeleton (D:6)
  A kobold zombie (D:6)
  2 orc skeletons (D:6)
  2 orc zombies (D:6)
  12 rats
164 creatures vanquished.

Notes
Turn   | Place    | Note
--------------------------------------------------------------
     0 | D:1      | Volodja the Troll Monk began the quest for the Orb.
     0 | D:1      | Reached XP level 1. HP: 22/22 MP: 0/0
    72 | D:1      | Reached XP level 2. HP: 26/29 MP: 1/1
   559 | D:1      | Reached skill level 5 in Unarmed Combat
   586 | D:1      | Reached XP level 3. HP: 36/36 MP: 2/2
  1066 | D:2      | Noticed Ijyb
  1074 | D:2      | Killed Ijyb
  1074 | D:2      | Reached XP level 4. HP: 44/44 MP: 3/3
  1305 | D:2      | Reached skill level 6 in Unarmed Combat
  1684 | D:3      | Found a burning altar of Makhleb.
  1757 | D:3      | Found a shattered altar of Ashenzari.
  1757 | D:3      | Noticed Sigmund
  1809 | D:3      | Killed Sigmund
  1809 | D:3      | Reached skill level 7 in Unarmed Combat
  1809 | D:3      | Reached XP level 5. HP: 13/50 MP: 4/4
  1809 | D:3      | Reached XP level 6. HP: 15/59 MP: 5/5
  1884 | D:3      | Found a faded altar to an unknown god.
  1934 | D:3      | Noticed a centaur
  1937 | D:3      | Killed a centaur
  2027 | D:3      | Found a deep blue altar of Sif Muna.
  2091 | D:3      | Reached skill level 8 in Unarmed Combat
  2156 | D:3      | Found an iron altar of Okawaru.
  2375 | D:3      | Found a snail-covered altar of Cheibriados.
  2375 | D:3      | Found a radiant altar of Vehumet.
  2806 | D:4      | Reached XP level 7. HP: 44/66 MP: 6/6
  2900 | D:4      | Reached skill level 9 in Unarmed Combat
  3118 | D:5      | Entered Level 5 of the Dungeon
  3208 | D:5      | Reached skill level 10 in Unarmed Combat
  3208 | D:5      | Reached XP level 8. HP: 45/74 MP: 7/7
  4298 | D:6      | Found a glowing golden altar of the Shining One.
  4322 | D:6      | Became a worshipper of the Shining One
  4322 | D:6      | Acquired the Shining One's first power
  4322 | D:6      | Acquired the Shining One's second power
  4327 | D:6      | Noticed a hill giant
  4331 | D:6      | Killed a hill giant
  4331 | D:6      | Reached skill level 11 in Unarmed Combat
  4618 | D:6      | Reached skill level 12 in Unarmed Combat
  4794 | D:6      | Found a stormy altar of Qazlal.
  4938 | D:7      | Found a staircase to the Ecumenical Temple.
  4941 | D:7      | Reached XP level 9. HP: 80/80 MP: 8/8
  4959 | D:7      | Noticed Joseph
  4972 | D:7      | Killed Joseph
  5089 | D:7      | Noticed Prince Ribbit
  5109 | D:7      | Killed Prince Ribbit
  5109 | D:7      | Reached skill level 5 in Throwing
  5152 | D:7      | Shot with an arrow by a centaur

Vault maps used:
D:1:      erik_arrival_gehennom, serial_forest, infiniplex_forest_straight_5,
          infiniplex_forest_lined_3, infiniplex_forest_clump_small,
          infiniplex_forest_lined_3_way, infiniplex_forest_clump_large,
          infiniplex_forest_corner_1, infiniplex_forest_clump_medium,
          infiniplex_forest_clump_tiny, infiniplex_forest_straight_1,
          infiniplex_forest_clump_large
D:2:      uniq_iyjb
D:3:      lemuel_blue_sif_altar, ashenzari_conservatory_becter,
          okawaru_metal_pillars_1_2, lightli_temple_of_fire,
          gammafunk_temple_overflow_wave, first_bread, ecumenical_altar_1,
          uniq_sigmund
D:6:      lemuel_coloured_pillars_altar, nicolae_tso_besieged_by_evil
D:7:      minmay_temple_entry_large_hall, serial_shops, shop_coins, uniq_joseph,
          uniq_duvessa, uniq_crazy_yiuf_cottage, uniq_prince_ribbit1

Action                   |  1- 3 |  4- 6 |  7- 9 || total
-------------------------+-------+-------+-------++-------
Melee: Unarmed           |    77 |   125 |   201 ||   403
  Use: Scroll            |       |       |    11 ||    11
       Potion            |       |       |     1 ||     1
 Stab: Sleeping          |     4 |     2 |     1 ||     7
  Eat: Chunk             |    15 |    15 |    22 ||    52
